 Dungeon Crawl Stone Soup version 0.31-a0-221-gbddc013574 (webtiles) character file.

Game seed: 2505348437600713113

324 qw the Shooter (level 6, -4/52 HPs)
             Began as a Minotaur Hexslinger on July 3, 2023.
             Slain by a black bear (11 damage)
             ... on level 4 of the Dungeon.
             The game lasted 00:01:08 (3200 turns).

qw the Shooter (Minotaur Hexslinger)                Turns: 3200, Time: 00:01:08

Health: -4/52      AC:  6    Str: 12    XL:     6   Next: 23%
Magic:  6/6        EV: 11    Int: 10    God:
Gold:   80         SH:  0    Dex: 15    Spells: 6/7 levels left

rFire   . . .        Y - +1 sling
rCold   . . .        (no shield)
rNeg    . . .        b - +0 ring mail
rPois   .            (helmet restricted)
rElec   .            (no cloak)
rCorr   .            g - +0 pair of gloves
SInv    .            (no boots)
Will    .....        (no amulet)
Stlth   +            (no ring)
HPRegen 0.28/turn    (no ring)
MPRegen 0.10/turn

%: no passive effects
@: no status effects
A: horns 2, retaliatory headbutt
a: no special abilities


You were on level 4 of the Dungeon.
You visited 1 branch of the dungeon, and saw 4 of its levels.

You collected 197 gold pieces.
You spent 117 gold pieces at shops.


Innate Abilities, Weirdness & Mutations

You have a pair of horns on your head.
You reflexively headbutt those who attack you in melee.


   Skills:
 - Level 4.2 Fighting
 + Level 6.1 Ranged Weapons
 - Level 1.0 Armour
 - Level 2.1 Dodging
 - Level 1.0 Spellcasting
 - Level 2.0 Hexes


You had 6 spell levels left.
You knew the following spells:

 Your Spells              Type           Power      Damage    Failure   Level
a - Slow                  Hex            16%        N/A       34%         1

Your spell library contained the following spells:

 Spells                   Type           Power      Damage    Failure   Level
 Inner Flame              Hex/Fire       2%         N/A       83%         3
 Portal Projectile        Hex/Tloc       4%         N/A       83%         3
 Cause Fear               Hex            2%         N/A       98%         4

Inventory:

Hand Weapons
 Y - a +1 sling (weapon)
Armour
 b - a +0 ring mail (worn)
 g - a +0 pair of gloves (worn)
Jewellery
 a - a ring of flight
 d - a ring of willpower
Scrolls
 c - a scroll of brand weapon {unknown}
 j - a scroll of identify
Potions
 k - a potion of curing {unknown}

Dungeon Overview and Level Annotations

Branches:
Dungeon (4/15)
 Temple: D:4-7

Altars:
Cheibriados

Shops:
D:3 *   D:4 *

Annotations:
D:3 1 runed translucent door, Crazy Yiuf


Message History

The sling bullet closely misses the jackal.
Your surroundings seem slightly different.
The jackal barely misses you. You furiously retaliate!
You headbutt the jackal!
You kill the jackal!
Enter note:
Enter note:
Enter note:
Enter note:
Enter note:
Enter note: You shoot a sling bullet.
The sling bullet hits the sleepcap.
The sleepcap is severely damaged.
The sleepcap closely misses you. The jackal misses you.
The sleepcap closely misses you. You furiously retaliate!
You headbutt the sleepcap.
The black bear bites you but does no damage.
The black bear closely misses you. x2
You shoot a sling bullet. The sling bullet hits the sleepcap.
You destroy the sleepcap!
The jackal closely misses you. The black bear closely misses you.
The black bear claws you but does no damage. x2
The jackal bites you but does no damage.
Your Ranged Weapons skill increases to level 6!
You shoot a sling bullet. The sling bullet hits the black bear.
The black bear is severely wounded.
The jackal closely misses you. The black bear closely misses you.
The black bear claws you. The black bear misses you.
The jackal bites you but does no damage.
You shoot a sling bullet.
The sling bullet barely misses the black bear.
The jackal bites you but does no damage.
The black bear bites you. The black bear claws you.
The black bear claws you but does no damage.
You shoot a sling bullet. The sling bullet hits the black bear!
The black bear is almost dead.
The jackal bites you but does no damage.
The black bear goes berserk!
The jackal bites you but does no damage.
The black bear bites you!
You die...

...#.....#... #.... ...
.......##... #..#.##..#
#.###...... # #........#
#......./..
..#\.....#.###..........
...........##...........
........................
.....?......#.#..##.....
#....@h.%...##..#..###
#....h............##
##...#..###.......#
##..#...##.#....##
#....?....#....#
.[.##.........## ...#
##.#### .... .... .#
.... .$


You could see a black bear (berserk) and a jackal.

Vanquished Creatures
  An ogre (D:4)
  A phantom (D:3)
  A sleepcap (D:4)
  An iguana (D:4)
  3 adders
  4 worms
  A dart slug (D:3)
  3 orcs (D:3)
  5 bats
  4 endoplasms
  4 giant cockroaches
  4 goblins (D:3)
  6 hobgoblins
  7 jackals
  2 quokkas
  8 ball pythons
  12 frilled lizards
  3 kobolds
  6 rats
76 creatures vanquished.

Notes
Turn   | Place    | Note
-------+----------+-------------------------------------------
     0 | D:1      | qw the Minotaur Hexslinger began the quest for the Orb.
     0 | D:1      | Reached XP level 1. HP: 16/16 MP: 1/1
     0 | D:1      | 0 ||| qw: Version: 0.3-a-40-ge99b1a8
     0 | D:1      | 0 ||| qw: Game counter: 605
     0 | D:1      | 0 ||| qw: Melee chars always use a shield: true
     0 | D:1      | 0 ||| qw: God list: Okawaru
     0 | D:1      | 0 ||| qw: Allow faded altars: false
     0 | D:1      | 0 ||| qw: Do Orc after clearing Dungeon:15 true
     0 | D:1      | 0 ||| qw: Do second Lair branch before Depths: true
     0 | D:1      | 0 ||| qw: Lair rune preference: random
     0 | D:1      | 0 ||| qw: Goals: Normal
     0 | D:1      | 0 ||| PLANNING D:1-11
   167 | D:1      | Reached skill level 3 in Ranged Weapons
   188 | D:1      | Reached XP level 2. HP: 21/23 MP: 2/2
   780 | D:1      | 780 ||| READING scroll labelled VAIKIAMONACH.
   881 | D:1      | 881 ||| READING scroll labelled QUGASCH MANNUNE.
   882 | D:1      | 882 ||| READING scroll labelled UDEN QUHUPH.
   885 | D:1      | 885 ||| READING scroll labelled WEFOCA VOTE.
   931 | D:1      | 931 ||| READING scroll labelled BYGGIU ALULO.
   932 | D:1      | 932 ||| DROPPING scroll of poison.
   982 | D:2      | Reached XP level 3. HP: 21/29 MP: 3/3
  1309 | D:2      | Found a faded altar of an unknown god.
  1333 | D:2      | Reached skill level 4 in Ranged Weapons
  1834 | D:2      | 1834 ||| UPGRADING to +0 ring mail.
  1844 | D:2      | 1844 ||| DROPPING +0 robe.
  1845 | D:2      | 1845 ||| UPGRADING to +0 pair of gloves.
  1850 | D:2      | 1850 ||| READING scroll labelled YGONERHO DOITEUC.
  1851 | D:2      | 1851 ||| READING scroll labelled HUVERO AHARR.
  1931 | D:3      | Found Vorchijo's Assorted Antiques.
  1939 | D:3      | 1939 ||| BUYING clear potion (27 gold).
  1939 | D:3      | Bought a clear potion for 27 gold pieces
  1939 | D:3      | 1939 ||| BUYING scroll labelled IZXEN NUIGIJET (30 gold).
  1939 | D:3      | Bought a scroll labelled IZXEN NUIGIJET for 30 gold pieces
  1939 | D:3      | 1939 ||| BUYING scroll of identify (60 gold).
  1939 | D:3      | Bought a scroll of identify for 60 gold pieces
  1939 | D:3      | 1939 ||| SHOPLISTING scroll of teleportation (90 gold, have
                  | 8).
  1945 | D:3      | Found a snail-covered altar of Cheibriados.
  2083 | D:3      | Reached skill level 1 in Armour
  2240 | D:3      | Reached XP level 4. HP: 36/36 MP: 4/4
  2403 | D:3      | Found a runed translucent door.
  2404 | D:3      | Noticed Crazy Yiuf
  2498 | D:3      | 2498 ||| FLEEEEING.
  2499 | D:3      | 2499 ||| FLEEEEING.
  2500 | D:3      | 2500 ||| FLEEEEING.
  2501 | D:3      | 2501 ||| FLEEEEING.
  2504 | D:3      | 2504 ||| FLEEEEING.
  2505 | D:3      | 2505 ||| STAIRDANCE
  2532 | D:2      | 2532 ||| READING scroll labelled IZXEN NUIGIJET.
  2533 | D:2      | 2533 ||| DRINKING 2 orange potions.
  2534 | D:2      | 2534 ||| DRINKING 2 fizzy purple potions.
  2535 | D:2      | 2535 ||| DRINKING 2 clear potions.
  2545 | D:2      | 2545 ||| READING 2 scrolls of identify.
  2545 | D:2      | 2545 ||| IDENTIFYING lumpy puce potion
  2546 | D:2      | 2546 ||| DROPPING potion of degeneration.
  2547 | D:2      | 2547 ||| DROPPING potion of lignification.
  2548 | D:2      | 2548 ||| DROPPING potion of ambrosia.
  2802 | D:4      | Noticed a phantom
  2809 | D:4      | 2809 ||| STAIRDANCE
  2818 | D:3      | Killed a phantom
  2819 | D:3      | Reached skill level 5 in Ranged Weapons
  2819 | D:3      | Reached XP level 5. HP: 31/41 MP: 5/5
  2985 | D:4      | Noticed an ogre
  2995 | D:4      | Killed an ogre
  2997 | D:4      | HP: 9/46 [worm (9)]
  2998 | D:4      | 2998 ||| DRINKING 3 potions of heal wounds.
  3002 | D:4      | Reached XP level 6. HP: 14/52 MP: 6/6
  3003 | D:4      | HP: 6/52 [worm (8)]
  3004 | D:4      | 3004 ||| DRINKING 2 potions of heal wounds.
  3116 | D:4      | Identified the +8 dagger "Titot" {flame, rPois rF+ Int+3}
  3179 | D:4      | Found Buny's Assorted Antiques.
  3191 | D:4      | HP: 9/52 [black bear (5)]
  3192 | D:4      | 3192 ||| READING scroll of teleportation.
  3193 | D:4      | 3193 ||| DRINKING potion of heal wounds.
  3198 | D:4      | Reached skill level 6 in Ranged Weapons
  3198 | D:4      | HP: 13/52 [black bear (1)]
  3200 | D:4      | Slain by a black bear

Levels and vault maps discovered:
D:1:      moated_graveyard_arrival, layout_loops_corners
D:2:      layout_loops_corners, hellmonk_ecumenical_altar_heavens_door,
          minmay_misc_feat_columns, nicolae_figureground_sparkle
D:3:      layout_loops_ring, slow_altar_2, serial_shops, shop,
          kennysheep_crisscross, minmay_lizard_king, uniq_crazy_yiuf_cottage
D:4:      layout_cave_pools, good_gods_mini_temple, trog_wizard, serial_shops,
          shop

Skill      XL: |  1  2  3  4  5  6 |
---------------+-------------------+-----
Ranged Weapons | 3 4 5 6 |  6.1
Fighting       | 2 4 |  4.2
Armour         | 1 |  1.0
Dodging        | |  2.1
Spellcasting   | |  1.0
Hexes          | |  2.0

Action                     |  1- 3 |  4- 6 || total
---------------------------+-------+-------++-------
   Fire: Sling             |   136 |   108 ||   244
    Use: Scroll            |     7 |     3 ||    10
         Potion            |       |     6 ||     6
 Armour: Robe              |     8 |       ||     8
         Ring mail         |     5 |    40 ||    45
  Dodge: Dodged            |    50 |    52 ||   102

Table legend:
 A = Non-vault XP
 B = Vault XP
 C = Vault XP percentage of total XP
 D = Non-vault monster count
 E = Vault monster count
 F = Vault count percentage of total count
                 A         B        C        D         E       F
            +---------+---------+-------+---------+---------+-------
      Total |     452 |      12 |   2.6 |      68 |       8 |  10.5
            +---------+---------+-------+---------+---------+-------
        D:1 |      32 |       0 |   0.0 |      20 |       0 |   0.0
        D:2 |      42 |       0 |   0.0 |      16 |       0 |   0.0
        D:3 |     138 |      12 |   8.0 |      18 |       8 |  30.8
        D:4 |     240 |       0 |   0.0 |      14 |       0 |   0.0
            +---------+---------+-------+---------+---------+-------
